NYP
CHICAGO (NYP) WHITE SOX @ CONNECTICUT TIGERS
08/11/2047
 
TOP OF THE 1ST
Chicago (NYP) White Sox batting - Pitching for Connecticut Tigers : RHP T.J. McCullough
Pitching: RHP T.J. McCullough
Batting: SHB Tomas Caldera 0-0: Ground out 6-3 (Groundball, 6S, EV 86.2 MPH)
Batting: RHB Ethan McCullough 0-0: SINGLE (Groundball, 4MD, EV 95.6 MPH)
Batting: RHB Tony Garcia 0-0: SINGLE (Flyball, 89S, EV 91.9 MPH)
Ethan McCullough to second
Batting: LHB Adam Tarbutton 0-0: Ball
1-0: Foul Ball, location: 2F
1-1: Ball
2-1: Reached on error, E1 (Groundball, 13S, EV 68.8 MPH)
Ethan McCullough to third
Tony Garcia to second
Batting: RHB Sean Peake 0-0: Ball
1-0: SINGLE (Line Drive, 78S, EV 114.4 MPH)
Ethan McCullough scores
Tony Garcia to third
Adam Tarbutton to second
Runner from 3rd tries for Home, throw by CF and OUT! 8-2
Adam Tarbutton to third
Sean Peake to second
Batting: RHB Armando Vazquez 0-0: Called Strike
0-1: Ball
1-1: Called Strike
1-2: Ground out U3 (Groundball, 3L, EV 90.6 MPH)
Top of the 1st over - 1 run, 3 hits, 1 error, 2 left on base; Chicago (NYP) 1 - Connecticut 0
BOTTOM OF THE 1ST
Connecticut Tigers batting - Pitching for Chicago (NYP) White Sox : RHP Ari Kuusinen
Pitching: RHP Ari Kuusinen
Batting: RHB Jaden Warrior 0-0: Foul Ball, location: 2F
0-1: Ball
1-1: Foul Ball, location: 2F
1-2: Foul Ball, location: 2F
1-2: Foul Ball, location: 2F
1-2: Ball
2-2: Foul Ball, location: 2F
2-2: Foul Ball, location: 2F
2-2: DOUBLE (Flyball, 8LXD, EV 93.8 MPH)
Batting: SHB Ian Arlotta 0-0: Ground out U3 (Groundball, 34S, EV 84.4 MPH)
Jaden Warrior to third
Batting: LHB Antonio Luis 0-0: Called Strike
0-1: Foul Ball, location: 2F
0-2: Foul Ball, location: 2F
0-2: Fly out, F8 (Flyball, 89M, EV 90.6 MPH)
Batting: LHB Nick Swank 0-0: Swinging Strike
0-1: Ball
1-1: Ball
2-1: Swinging Strike
2-2: Ground out 4-3 (Groundball, 4, EV 86.2 MPH)
Bottom of the 1st over - 0 runs, 1 hit, 0 errors, 1 left on base; Chicago (NYP) 1 - Connecticut 0
TOP OF THE 2ND
Chicago (NYP) White Sox batting - Pitching for Connecticut Tigers : RHP T.J. McCullough
Batting: RHB Kyle Morse 0-0: Ball
1-0: Swinging Strike
1-1: Ball
2-1: Foul Ball, location: 2F
2-2: Strikes out swinging
Batting: RHB Kunimatsu Oya 0-0: Foul Ball, location: 2F
0-1: Ground out 1-3 (Groundball, 15S, EV 70.0 MPH)
Batting: RHB Eduardo Calderon 0-0: Called Strike
0-1: Foul Ball, location: 2F
0-2: Ground out 5-3 (Groundball, 56, EV 100.0 MPH)
Top of the 2nd over - 0 runs, 0 hits, 0 errors, 0 left on base; Chicago (NYP) 1 - Connecticut 0
BOTTOM OF THE 2ND
Connecticut Tigers batting - Pitching for Chicago (NYP) White Sox : RHP Ari Kuusinen
Batting: RHB Tony Nunez 0-0: Called Strike
0-1: Ball
1-1: Called Strike
1-2: Ball
2-2: Foul Ball, location: 2F
2-2: Ball
3-2: Ground out 6-3 (Groundball, 6, EV 85.6 MPH)
Batting: RHB Zack DiCicco 0-0: Ball
1-0: Foul Ball, location: 2F
1-1: Called Strike
1-2: Strikes out swinging
Batting: RHB Jeremiah Washington 0-0: Ball
1-0: Hit by Pitch
Batting: SHB Eisse Wijnja 0-0: Ball
1-0: Swinging Strike
1-1: Ball
2-1: Called Strike
2-2: DOUBLE (Line Drive, 89D, EV 106.2 MPH)
Jeremiah Washington to third
Batting: RHB Kaleb Yerger 0-0: Called Strike
0-1: Foul Ball, location: 2F
0-2: Strikes out swinging
Bottom of the 2nd over - 0 runs, 1 hit, 0 errors, 2 left on base; Chicago (NYP) 1 - Connecticut 0
TOP OF THE 3RD
Chicago (NYP) White Sox batting - Pitching for Connecticut Tigers : RHP T.J. McCullough
Batting: SHB Tomas Caldera 0-0: Called Strike
0-1: Ground out 1-3 (Groundball, 34S, EV 66.9 MPH)
Batting: RHB Ethan McCullough 0-0: Called Strike
0-1: Ball
1-1: Ball
2-1: Fly out, F8 (Flyball, 8LD, EV 103.1 MPH)
Batting: RHB Tony Garcia 0-0: Ball
1-0: Fly out, F8 (Flyball, 89XD, EV 98.8 MPH)
Top of the 3rd over - 0 runs, 0 hits, 0 errors, 0 left on base; Chicago (NYP) 1 - Connecticut 0
BOTTOM OF THE 3RD
Connecticut Tigers batting - Pitching for Chicago (NYP) White Sox : RHP Ari Kuusinen
Batting: RHB Jaden Warrior 0-0: Swinging Strike
0-1: Swinging Strike
0-2: Fly out, F9 (Flyball, 9, EV 84.4 MPH)
Batting: SHB Ian Arlotta 0-0: Ball
1-0: Foul Ball, location: 2F
1-1: Fly out, F7 (Flyball, 78S, EV 80.6 MPH)
Batting: LHB Antonio Luis 0-0: Ball
1-0: Called Strike
1-1: Foul Ball, location: 2F
1-2: Fly out, F7 (Line Drive, 7S, EV 93.1 MPH)
Bottom of the 3rd over - 0 runs, 0 hits, 0 errors, 0 left on base; Chicago (NYP) 1 - Connecticut 0
TOP OF THE 4TH
Chicago (NYP) White Sox batting - Pitching for Connecticut Tigers : RHP T.J. McCullough
Batting: LHB Adam Tarbutton 0-0: Ball
1-0: Ball
2-0: Called Strike
2-1: Ground out 6-3 (Groundball, 6, EV 88.8 MPH)
Batting: RHB Sean Peake 0-0: Called Strike
0-1: Swinging Strike
0-2: Ball
1-2: Foul Ball, location: 2F
1-2: Ball
2-2: Ball
3-2: Strikes out swinging
Batting: RHB Armando Vazquez 0-0: Ball
1-0: Swinging Strike
1-1: Ball
2-1: Foul Ball, location: 2F
2-2: Ball
3-2: Foul Ball, location: 2F
3-2: Fly out, F9 (Flyball, 9S, EV 94.4 MPH)
Top of the 4th over - 0 runs, 0 hits, 0 errors, 0 left on base; Chicago (NYP) 1 - Connecticut 0
BOTTOM OF THE 4TH
Connecticut Tigers batting - Pitching for Chicago (NYP) White Sox : RHP Ari Kuusinen
Batting: LHB Nick Swank 0-0: Called Strike
0-1: Foul Ball, location: 2F
0-2: Ball
1-2: Fly out, F8 (Flyball, 78S, EV 84.4 MPH)
Batting: RHB Tony Nunez 0-0: Swinging Strike
0-1: Ball
1-1: Foul Ball, location: 2F
1-2: Foul Ball, location: 2F
1-2: Ball
2-2: Ball
3-2: Foul Ball, location: 2F
3-2: Fly out, F7 (Line Drive, 7, EV 85.6 MPH)
Batting: RHB Zack DiCicco 0-0: Ball
1-0: Ball
2-0: Ball
3-0: Called Strike
3-1: Called Strike
3-2: Base on Balls
Batting: RHB Jeremiah Washington 0-0: Ball
1-0: Ball
2-0: Ground out 4-3 (Groundball, 34, EV 93.1 MPH)
Bottom of the 4th over - 0 runs, 0 hits, 0 errors, 1 left on base; Chicago (NYP) 1 - Connecticut 0
TOP OF THE 5TH
Chicago (NYP) White Sox batting - Pitching for Connecticut Tigers : RHP T.J. McCullough
Batting: RHB Kyle Morse 0-0: Foul Ball, location: 2F
0-1: Called Strike
0-2: Ball
1-2: Ball
2-2: Fly out, F5 (Line Drive, 56, EV 67.5 MPH)
Batting: RHB Kunimatsu Oya 0-0: Ball
1-0: Foul Ball, location: 2F
1-1: Ball
2-1: Foul Ball, location: 2F
2-2: Reached on error, E6 (Groundball, 6, EV 86.2 MPH)
Batting: RHB Eduardo Calderon 0-0: Ball
1-0: Ball
2-0: SINGLE (Groundball, 56D, EV 101.9 MPH)
Kunimatsu Oya to third
Runner from 3rd tries for Home, throw by LF and OUT! 7-2
Batting: SHB Tomas Caldera 0-0: Ball
1-0: Fielders Choice at 2nd, 5-4 (Groundball, 56, EV 83.8 MPH)
Top of the 5th over - 0 runs, 1 hit, 1 error, 1 left on base; Chicago (NYP) 1 - Connecticut 0
BOTTOM OF THE 5TH
Connecticut Tigers batting - Pitching for Chicago (NYP) White Sox : RHP Ari Kuusinen
Batting: SHB Eisse Wijnja 0-0: Swinging Strike
0-1: Swinging Strike
0-2: Strikes out swinging
Batting: RHB Kaleb Yerger 0-0: Called Strike
0-1: Called Strike
0-2: Foul Ball, location: 2F
0-2: Fly out, F9 (Flyball, 89M, EV 85.0 MPH)
Batting: RHB Jaden Warrior 0-0: Called Strike
0-1: Fly out, F9 (Flyball, 9LMF, EV 83.8 MPH)
Bottom of the 5th over - 0 runs, 0 hits, 0 errors, 0 left on base; Chicago (NYP) 1 - Connecticut 0
TOP OF THE 6TH
Chicago (NYP) White Sox batting - Pitching for Connecticut Tigers : RHP T.J. McCullough
Batting: RHB Ethan McCullough 0-0: Called Strike
0-1: Swinging Strike
0-2: Foul Ball, location: 2F
0-2: Ball
1-2: Ball
2-2: Ball
3-2: Base on Balls
Batting: RHB Tony Garcia 0-0: Ball
1-0: Ball
2-0: Foul Ball, location: 2F
2-1: Called Strike
2-2: Foul Ball, location: 2F
2-2: Foul Ball, location: 2F
2-2: Fly out, F8 (Line Drive, 8LM, EV 93.8 MPH)
Batting: LHB Adam Tarbutton 0-0: Ball
1-0: Called Strike
1-1: Ball
2-1: Ball
3-1: Foul Ball, location: 2F
3-2: Base on Balls
Ethan McCullough to second
Batting: RHB Sean Peake 0-0: Ball
1-0: Ball
2-0: Fielders Choice at 2nd, 5-4 (Groundball, 56S, EV 80.6 MPH)
Ethan McCullough to third
Batting: RHB Armando Vazquez 0-0: Called Strike
0-1: Called Strike
0-2: Strikes out swinging
Top of the 6th over - 0 runs, 0 hits, 0 errors, 2 left on base; Chicago (NYP) 1 - Connecticut 0
BOTTOM OF THE 6TH
Connecticut Tigers batting - Pitching for Chicago (NYP) White Sox : RHP Ari Kuusinen
Batting: SHB Ian Arlotta 0-0: Foul Ball, location: 2F
0-1: Ball
1-1: DOUBLE (Line Drive, 7LS, EV 102.5 MPH)
Batting: LHB Antonio Luis 0-0: Swinging Strike
0-1: SINGLE (Groundball, 6D, EV 97.5 MPH)
Ian Arlotta to third
Runner from 3rd tries for Home, SAFE, throw by CF to home
Batting: LHB Nick Swank 0-0: Called Strike
0-1: Ball
1-1: Ball
2-1: DOUBLE (Flyball, 78D, EV 100.0 MPH)
Antonio Luis to third
Runner from 3rd tries for Home, SAFE, no throw by CF
Batting: RHB Tony Nunez 0-0: Called Strike
0-1: Ball
1-1: Ball
2-1: Ball
3-1: Fly out, F7 (Flyball, 78M, EV 90.6 MPH)
Batting: RHB Zack DiCicco 0-0: Hit by Pitch
Batting: RHB Jeremiah Washington 0-0: Ball
1-0: Fly out, F8 (Flyball, 8LXD, EV 89.4 MPH)
Runner from 2nd tags up, SAFE at 3rd, no throw by CF
Batting: SHB Eisse Wijnja 0-0: SINGLE (Groundball, 5L, EV 101.2 MPH) (infield hit)
Nick Swank scores
Zack DiCicco to second
Batting: RHB Kaleb Yerger 0-0: Called Strike
0-1: Foul Ball, location: 2F
0-2: Foul Ball, location: 2F
0-2: Ball
1-2: Ball
2-2: Fly out, F5 (Line Drive, 5L, EV 70.6 MPH)
Bottom of the 6th over - 3 runs, 4 hits, 0 errors, 2 left on base; Chicago (NYP) 1 - Connecticut 3
TOP OF THE 7TH
Chicago (NYP) White Sox batting - Pitching for Connecticut Tigers : RHP T.J. McCullough
Now at 3B: Zach Rose
Now in LF: Kaleb Yerger
Now in RF: Antonio Luis
Batting: RHB Kyle Morse 0-0: Ball
1-0: Ball
2-0: DOUBLE (Flyball, 8LXD, EV 106.2 MPH)
Batting: RHB Kunimatsu Oya 0-0: Ball
1-0: Called Strike
1-1: Ball
2-1: Ball
3-1: Base on Balls
Batting: RHB Eduardo Calderon 0-0: Ball
1-0: Ball
2-0: Fielders Choice at 2nd, 5-4 (Groundball, 56, EV 104.4 MPH)
Kyle Morse to third
Batting: SHB Tomas Caldera 0-0: Called Strike
0-1: Fly out, F7 (Flyball, 78M, EV 90.0 MPH)
Pinch Hitting: LHB Justin Stickney 0-0: Called Strike
0-1: Ball
1-1: Ball
2-1: Fielders Choice at 2nd, U4 (Groundball, 4M, EV 105.6 MPH)
Top of the 7th over - 0 runs, 1 hit, 0 errors, 2 left on base; Chicago (NYP) 1 - Connecticut 3
BOTTOM OF THE 7TH
Connecticut Tigers batting - Pitching for Chicago (NYP) White Sox : RHP Ari Kuusinen
Pitching: LHP Yusufu Mustafa
Now at 2B: Olaf Zoeteman
Batting: RHB Jaden Warrior 0-0: Called Strike
0-1: SINGLE (Groundball, 4MD, EV 101.2 MPH)
Batting: SHB Ian Arlotta 0-0: Hit by Pitch
Jaden Warrior to second
Batting: LHB Antonio Luis 0-0: Foul Ball, location: 2F
0-1: Ball
1-1: Called Strike
1-2: Ball
2-2: Strikes out swinging
Batting: LHB Nick Swank 0-0: Ball
Wild Pitch!
Jaden Warrior to third
Ian Arlotta to second
1-0: Ball
2-0: Ball
Wild Pitch!
Jaden Warrior scores
Ian Arlotta to third
3-0: Base on Balls
Batting: RHB Tony Nunez 0-0: Foul Ball, location: 2F
0-1: Swinging Strike
0-2: Grounds into double play, 4-6-3 (Groundball, 4M, EV 98.1 MPH)
Bottom of the 7th over - 1 run, 1 hit, 0 errors, 1 left on base; Chicago (NYP) 1 - Connecticut 4
TOP OF THE 8TH
Chicago (NYP) White Sox batting - Pitching for Connecticut Tigers : RHP T.J. McCullough
Pitching: LHP Victor Villarreal
Batting: RHB Tony Garcia 0-0: Called Strike
0-1: Ball
1-1: Ball
2-1: Called Strike
2-2: Foul Ball, location: 2F
2-2: Fly out, F9 (Flyball, 89S, EV 92.5 MPH)
Batting: LHB Adam Tarbutton 0-0: Called Strike
0-1: Ball
1-1: Ground out 5-3 (Groundball, 56S, EV 86.2 MPH)
Batting: RHB Sean Peake 0-0: Called Strike
0-1: Ball
1-1: Foul Ball, location: 2F
1-2: Foul Ball, location: 2F
1-2: Foul Ball, location: 2F
1-2: Ball
2-2: Fly out, F4 (Popup, 3S, EV 73.1 MPH)
Top of the 8th over - 0 runs, 0 hits, 0 errors, 0 left on base; Chicago (NYP) 1 - Connecticut 4
BOTTOM OF THE 8TH
Connecticut Tigers batting - Pitching for Chicago (NYP) White Sox : LHP Yusufu Mustafa
Batting: RHB Zack DiCicco 0-0: Ball
1-0: Ground out 5-3 (Groundball, 56, EV 100.0 MPH)
Batting: RHB Jeremiah Washington 0-0: Ground out 6-3 (Groundball, 6M, EV 79.4 MPH)
Batting: LHB Zach Rose 0-0: Called Strike
0-1: Foul Ball, location: 2F
0-2: Foul Ball, location: 2F
0-2: Ball
1-2: Strikes out swinging
Bottom of the 8th over - 0 runs, 0 hits, 0 errors, 0 left on base; Chicago (NYP) 1 - Connecticut 4
TOP OF THE 9TH
Chicago (NYP) White Sox batting - Pitching for Connecticut Tigers : LHP Victor Villarreal
Batting: RHB Armando Vazquez 0-0: Ground out 5-3 (Groundball, 56S, EV 70.0 MPH)
Batting: RHB Kyle Morse 0-0: Ball
1-0: Foul Ball, location: 2F
1-1: Foul Ball, location: 2F
1-2: Foul Ball, location: 2F
1-2: Strikes out looking
Batting: RHB Kunimatsu Oya 0-0: Called Strike
0-1: Ball
1-1: Foul Ball, location: 2F
1-2: Ball
2-2: Foul Ball, location: 2F
2-2: Fly out, F8 (Line Drive, 8LM, EV 96.9 MPH)
Top of the 9th over - 0 runs, 0 hits, 0 errors, 0 left on base; Chicago (NYP) 1 - Connecticut 4
Thursday, December 15th , 2022 - OOTP Baseball 23.9 Build 102